 Dungeon Crawl Stone Soup version 0.24.0-125-gc4c63601f3 (webtiles) character file.

Game seed: 1433037233417900282, levelgen mode: deterministic

260 Peloso the Shield-Bearer (level 5, -3/47 HPs)
             Began as a Minotaur Fighter on Mar 14, 2020.
             Killed from afar by an orc wizard (7 damage)
             ... with a puff of flame
             ... on level 3 of the Dungeon.
             The game lasted 00:05:45 (1719 turns).

Peloso the Shield-Bearer (Minotaur Fighter)         Turns: 1719, Time: 00:05:46

Health: -3/47      AC:  8    Str: 20    XL:     5   Next: 95%
Magic:  4/4        EV:  7    Int:  5    God:
Gold:   164        SH:  0    Dex: 11    Spells: 4/4 levels left

rFire    . . .     SeeInvis .   a - +0 long sword
rCold    . . .     Gourm    .   c - +0 shield
rNeg     . . .     Faith    .   b - +0 scale mail
rPois    .         Spirit   .   (helmet restricted)
rElec    .         Reflect  .   (no cloak)
rCorr    .         Harm     .   i - +0 pair of gloves (curse)
MR       .....                  (no boots)
Stlth    ..........             (no amulet)
HPRegen  0.15/turn              (no ring)
MPRegen  0.09/turn              (no ring)

@: confused, drained
A: retaliatory headbutt, horns 2
a: no special abilities


You were on level 3 of the Dungeon.
You were not hungry.

You visited 1 branch of the dungeon, and saw 3 of its levels.

You collected 164 gold pieces.

Inventory:

Hand Weapons
 a - a +0 long sword (weapon)
Armour
 b - a +0 scale mail (worn)
 c - a +0 shield (worn)
 i - a cursed +0 pair of gloves (worn)
Jewellery
 s - a +4 ring of evasion {unknown}
Scrolls
 e - 2 scrolls of fog {unknown}
 j - 2 scrolls of enchant armour {unknown}
 m - a scroll of remove curse {unknown}
 n - a scroll of identify {unknown}
 o - 4 scrolls of teleportation {unknown}
 q - a scroll of noise {unknown}
Potions
 d - a potion of might
 g - a potion of brilliance {unknown}
 h - 3 potions of heal wounds {unknown}
 k - a potion of curing {unknown}
 l - 2 potions of degeneration {unknown}
 p - a potion of berserk rage {unknown}
 r - a potion of lignification {unknown}
Comestibles
 f - a ration


   Skills:
 + Level 4.7(3.6) Fighting
 + Level 4.5(3.4) Long Blades
 + Level 4.7(3.7) Armour
 + Level 1.3(0.3) Dodging
 + Level 5.1(4.0) Shields


You had 4 spell levels left.
You didn't know any spells.
Your spell library was empty.

Dungeon Overview and Level Annotations

Branches:
Dungeon (3/15)

Altars:
Ashenzari
Qazlal


Innate Abilities, Weirdness & Mutations

You reflexively headbutt those who attack you in melee.
You have a pair of horns on your head.


Message History

You hear some strange, mumbled words.
A puff of flame appears from out of thin air!
The puff of flame hits you.
* * * LOW HITPOINT WARNING * * *
You bump into the rock wall.
The gnoll hits you from afar with a +0 spear.
* * * LOW HITPOINT WARNING * * *
You hear some strange, mumbled words.
A puff of flame appears from out of thin air!
The puff of flame misses you.
Unknown command.
You hear some strange, mumbled words.
You are more confused.
Okay, then.
You bump into the rock wall.
An orc wizard appears from thin air!
Reactivating autopickup.
The orc wizard gestures at you while chanting.
The puff of flame hits you!
You die...

#)##### #.
#.)...# #.
#..##.## #.
#......# #.
#.#.#..# ##
#.#....#####
#<####.....#
#.########.#
#...@.oo.g.#
#########..#
#./.#.###..#
#.....o....#
#.###)#####.##
#...)g......#
#####.#######
#... #####


You could see an orc wizard, a gnoll and an orc.

Vanquished Creatures
  2 orc priests (D:3)
  A hound (D:1)
  3 gnolls (D:3)
  3 adders
  An ooze (D:1)
  5 worms
  4 dart slugs
  A leopard gecko (D:1)
  12 orcs (D:3)
  4 giant cockroaches
  9 goblins
  7 hobgoblins
  11 jackals
  6 kobolds
  3 bats
  5 frilled lizards
  3 rats
80 creatures vanquished.

Notes
Turn   | Place    | Note
-------+----------+-------------------------------------------
     0 | D:1      | Peloso the Minotaur Fighter began the quest for the Orb.
     0 | D:1      | Reached XP level 1. HP: 19/19 MP: 0/0
   148 | D:1      | Reached skill level 4 in Shields
   148 | D:1      | Reached XP level 2. HP: 27/27 MP: 1/1
   648 | D:1      | Reached XP level 3. HP: 25/34 MP: 2/2
   662 | D:1      | Reached XP level 4. HP: 28/41 MP: 3/3
   951 | D:2      | Found a shattered altar of Ashenzari.
   955 | D:2      | Reached skill level 1 in Dodging
   992 | D:2      | Found a stormy altar of Qazlal.
  1388 | D:2      | Reached XP level 5. HP: 42/47 MP: 4/4
  1477 | D:3      | Reached skill level 5 in Shields
  1719 | D:3      | Killed from afar by an orc wizard

Levels and vault maps discovered:
D:1:      dpeg_arrival_lava_altar, layout_loops_ring
D:2:      layout_rooms, nicolae_qazlal_general_emergency, ashenzari_altar_1,
          roderic_three_in_a_row, kennysheep_generic_room_16
D:3:      layout_basic, first_ration, uniq_sigmund

Skill      XL: |  1  2  3  4  5 |
---------------+----------------+-----
Shields        | 4 5 |  5.1
Fighting       | 4 |  4.7
Armour         | 4 |  4.7
Long Blades    | 3 4 |  4.5
Dodging        | 1 |  1.3

Action                   |  1- 3 |  4- 6 || total
-------------------------+-------+-------++-------
Melee: Long sword        |    56 |   146 ||   202
       Headbutt          |     9 |    28 ||    37
  Eat: Chunk             |       |     3 ||     3
Armor: Scale mail        |    35 |    48 ||    83
Dodge: Dodged            |    23 |    53 ||    76
Block: Shield            |    31 |    78 ||   109
       Rpst.: Long sword |     8 |    13 ||    21
